Map: 2000 Atmospheres LE

Players

Marafettiq

  • Race: Zerg Zerg
  • League: Platinum

SistaBossen - Winner!

  • Race: Protoss Protoss
  • League: Platinum

VOD

Have the link to the VOD?

Description

Time

  • Played on: Dec. 20, 2021, 8:33 a.m.
  • Length: 6:12
Show
View Real Time Build Order
Export as new Build Order

Marafettiq Zerg 

Build Orders: Hatch First 

Get SALT Encoding   

  12  0:00  Drone  
  13  0:18  Overlord  
  13  0:19  Drone  
  14  0:36  Drone x2  
  14  0:40  Drone  
  17  0:54  Hatchery  
  17  0:56  Drone  
  18  1:04  Drone  
  18  1:18  Spawning Pool  
  17  1:22  Overlord  
  17  1:25  Drone  
  18  1:29  Extractor  
  17  1:39  Drone  
  18  1:46  Drone  
  19  1:56  Drone  
  20  2:07  Hatchery  
  19  2:09  Drone x2  
  19  2:13  Queen  
  23  2:19  Zergling x2  
  23  2:22  Drone  
  25  2:29  Spine Crawler  
  24  2:33  Drone x2  
  26  2:41  Queen  
  28  2:48  Metabolic Boost  
  28  2:52  Drone  
  28  2:58  Drone  
  30  2:59  Drone, Extractor  
  30  3:11  Drone  
  30  3:12  Drone  
  31  3:13  Overlord, Zergling x2  
  32  3:21  Lair  
  32  3:31  Drone x2  
  32  3:32  Zergling x6  
  37  3:43  Queen  
  37  3:46  Drone  
  37  3:48  Baneling Nest  
  39  3:51  Drone x3  
  42  4:01  Drone x2, Zergling x2  
  42  4:02  Zergling x4  
  47  4:14  Overlord  
  47  4:15  Drone x2  
  49  4:26  Hydralisk Den  
  49  4:29  Spore Crawler, Drone  
  48  4:37  Drone  
  48  4:38  Drone x3, Zergling x8  
  55  4:44  Spine Crawler  
  47  4:55  Zergling x8  
  33  5:08  Zergling x12  
  37  5:21  Zergling x6  
  19  5:37  Baneling x3  
Show
View Real Time Build Order
Export as new Build Order

SistaBossen Protoss - Winner!

Build Orders: +1 chargelot 

Get SALT Encoding   

  12  0:00  Probe  
  13  0:12  Probe  
  14  0:21  Pylon  
  14  0:24  Probe  
  14  0:28  Assimilator  
  15  0:39  Probe (Chrono Boost)  
  16  0:43  Gateway  
  16  0:48  Probe (Chrono Boost)  
  17  0:53  Probe (Chrono Boost)  
  18  1:05  Probe  
  18  1:07  Gateway  
  19  1:17  Probe  
  20  1:27  Forge  
  20  1:33  Cybernetics Core  
  20  1:39  Zealot  
  22  1:54  Pylon  
  22  1:59  Protoss Ground Weapons Level 1  
  22  2:11  Twilight Council  
  22  2:13  Zealot, Pylon  
  24  2:19  Zealot  
  26  2:22  Warp Gate (Chrono Boost)  
  26  2:48  Pylon  
  26  2:55  Charge (Chrono Boost)  
  26  3:07  Gateway  
  26  3:08  Gateway  
  26  3:11  Gateway  
  26  3:30  Zealot  
  26  3:31  Zealot  
  30  3:55  Pylon  
  30  4:14  Zealot x5  
  40  4:44  Zealot x5  
  39  5:16  Zealot  
  39  5:17  Zealot  
  39  5:18  Zealot x2  
  39  5:19  Zealot  
  41  5:57  Zealot x5  
Tags
 
Add a new tag
Caveats
  • Supply blocks, unpowered buildings, or Contaminate may cause inaccurate times.
  • Supply counts are checked every 10 seconds.